 Dungeon Crawl Stone Soup version 0.14-a0-2374-ge879b5e (webtiles) character file.

109 MirrMurr the Sneak (level 3, -9/16 HPs)
             Began as a Spriggan Enchanter on Feb 1, 2014.
             Mangled by Sigmund
             ... wielding a +1,+2 scythe
              (11 damage)
             ... on Level 2 of the Dungeon.
             The game lasted 00:05:12 (788 turns).

MirrMurr the Sneak (Spriggan Enchanter)              Turns: 788, Time: 00:05:12

HP  -9/16        AC  3     Str  5      XL: 3   Next:  7%
MP   6/9         EV 18     Int 21      God:
Gold 78          SH  0     Dex 16      Spells:  3 memorised,  1 level left

rFire  . . .     SeeInvis +     a - +1 dagger
rCold  . . .     Clarity  .     b - +1 robe
rNeg   . . .     Conserve .     (shield restricted)
rPois  .         rCorr    .     (helmet restricted)
rElec  .         rRot     .     (no cloak)
SustAb . .       Spirit   .     (gloves unavailable)
rMut   .         Warding  .     (boots unavailable)
Saprov . . .     Stasis   .     (no amulet)
MR     .....                    (no ring)
                                (no ring)

@: confused, brilliant, very quick, not resistant to hostile enchantments,
unstealthy
A: unfitting armour, see invisible, herbivore 3, speed 3, slow metabolism 2
a: no special abilities


You were on level 2 of the Dungeon.
You were not hungry.

You visited 1 branch of the dungeon, and saw 2 of its levels.

You collected 78 gold pieces.

Inventory:

Hand weapons
 a - a +1,+1 dagger (weapon)
Missiles
 d - 12 darts (quivered)
 j - 66 stones
Armour
 b - a +1 robe (worn)
Comestibles
 h - a bread ration
 r - a choko
Scrolls
 f - a scroll of remove curse {unknown}
 g - a scroll of immolation {unknown}
 k - a scroll of teleportation {unknown}
 l - a scroll of curse jewellery {unknown}
 q - a scroll of fog {unknown}
Jewellery
 p - an uncursed ring of flight {unknown}
Potions
 e - a potion of porridge
 n - a potion of mutation {unknown}
 o - a potion of resistance {unknown}
Books
 c - a book of Maledictions

   Spells                             Type                      Level
   *Corona                            Hexes                        1
   Sure Blade                         Hexes/Charms                 2
   *Ensorcelled Hibernation           Hexes/Ice                    2
   *Confuse                           Hexes                        3
   Enslavement                        Hexes                        4
   Invisibility                       Hexes                        6


   Skills:
 + Level 1.1 Short Blades
 - Level 1.1 Throwing
 - Level 3.0 Dodging
 + Level 5.5 Stealth
 - Level 2.6 Spellcasting
 - Level 3.6 Hexes


You had one spell level left.
You knew the following spells:

 Your Spells              Type           Power        Failure   Level  Hunger
a - Ensorcelled Hibernat  Hex/Ice        ###...       1%          2    ##.....
b - Confuse               Hex            ####....     1%          3    ###....
Z - Corona                Hex            ####...      1%          1    None


Dungeon Overview and Level Annotations

Branches:
Dungeon (2/16)

Altars:
Vehumet

Annotations:
D:1 come back
D:2 Sigmund


Innate Abilities, Weirdness & Mutations

You are tiny and cannot use many weapons and most armour.
You have supernaturally acute eyesight.
You are a herbivore.
You cover ground extremely quickly.
You need consume almost no food.


Message History

Ouch! That really hurt!
* * * LOW HITPOINT WARNING * * *
Sigmund points at you and mumbles some strange words.
You are confused.
Ouch!
Sigmund points at you and mumbles some strange words.
The puff of flame misses you.
Ouch! Sigmund casts a spell.
Sigmund flickers and vanishes for a moment.
Ouch! Sigmund gestures at you while chanting.
You are more confused.
Ouch! Sigmund misses you.
Unknown command.
Ouch! Sigmund completely misses you.
Ouch!
Sigmund hits you from afar with a scythe!
Ouch! That really hurt!
You die...

#..##.##.. #...# #..##.##.#
#...#
####..##.##.######...#####
.@.........................
####.###.......###...#### #
#@# ####>.#.# #......#
####.# #..#.###...##.#
..##.# #..#....###.#
#.##.######..###@## #..
.............##.## #.#
############..@<# .# .
####.## #. . # #..##
##.#(.. # #...###......
#.......# ... #.....#.# #.#
###.###.# #.#


You could see Sigmund (invisible).

Vanquished Creatures
  An adder (D:2)
  An ooze (D:2)
  3 bats
  3 goblins
  4 hobgoblins
  5 kobolds (D:1)
  A giant cockroach (D:1)
  A giant newt (D:2)
  2 rats (D:1)
21 creatures vanquished.

Notes
Turn   | Place    | Note
--------------------------------------------------------------
     0 | D:1      | MirrMurr, the Spriggan Enchanter, began the quest for the Orb.
     0 | D:1      | Reached XP level 1. HP: 9/9 MP: 4/4
     2 | D:1      | Noticed a vampire
     2 | D:1      | Noticed a draconian
     4 | D:1      | Noticed a human
     4 | D:1      | Noticed a demigod
     6 | D:1      | Noticed an octopode
     6 | D:1      | Noticed a demonspawn
     8 | D:1      | Noticed a ghoul
     8 | D:1      | Noticed a dwarf
    10 | D:1      | Noticed a minotaur
    10 | D:1      | Noticed a spriggan
    12 | D:1      | Noticed a merfolk
    14 | D:1      | Noticed a felid
    16 | D:1      | Noticed a formicid
    16 | D:1      | Noticed a centaur
    18 | D:1      | Noticed a troll
    18 | D:1      | Noticed a naga
    20 | D:1      | Noticed an elf
    22 | D:1      | Noticed an ogre
    24 | D:1      | Noticed a tengu
   141 | D:1      | Reached skill level 4 in Stealth
   162 | D:1      | Reached XP level 2. HP: 13/13 MP: 7/7
   171 | D:1      | Learned a level 2 spell: Ensorcelled Hibernation
   492 | D:2      | Found a radiant altar of Vehumet.
   550 | D:2      | Reached skill level 5 in Stealth
   669 | D:2      | Reached XP level 3. HP: 16/16 MP: 9/9
   674 | D:2      | Learned a level 3 spell: Confuse
   739 | D:2      | Noticed Sigmund
   788 | D:2      | Mangled by Sigmund

Action                   || total
-------------------------++-------
Melee: Dagger            ||    78
 Cast: Ensorcelled Hiber ||     7
  Use: Potion            ||     2
 Stab: Sleeping          ||     9
